[Event "Early-Titled-Tuesday-Blitz-June-18-2024"]
[Site "Chess.com"]
[Date "2024.06.18"]
[Round "9"]
[White "ValeriyGrinev"]
[Black "Kgli1m"]
[Result "1-0"]
[WhiteElo "2561"]
[BlackElo "2100"]
[TimeControl "180+1"]
[EndTime "9:45:15 PDT"]
[Termination "ValeriyGrinev won on time"]

1. d4 d5 2. c4 c6 3. e3 a6 4. Nd2 dxc4 5. Bxc4 b5 6. Bb3 Bb7 7. Ngf3 Nf6 8. O-O e6 9. Qe2 Be7 10. e4 O-O 11. e5 Nd5 12. Ne4 Nd7 13. Rd1 c5 14.
dxc5 Nxc5 15. Nxc5 Bxc5 16. Bc2 Be7 17. Qe4 g6 18.
Bh6 Re8 19. h4 Rb8 20. Qg4 Qb6 21. h5 f5 22. exf6 Nxf6 23. Qh3 Nxh5 24. Ng5 Bxg5 25. Bxg5 e5 26. Bb3+ Kg7 27. Rd7+ Kh8 28. Rad1 Bc8 29. R1d6 Qxd6 30. Rxd6 Bxh3 31. gxh3 Rbd8 32. Rxa6 Rd7 33.
Rb6 Ng7 34. Bf6 Rf8 35. Bxe5 h6 36. Rxg6 Kh7 37. Rb6 Rd2 38. Rb8 Rfxf2 39. Bg8+ Kg6 40. Rb6+ Kf5 41. Rxb5 Rg2+ 42. Kh1 Rh2+ 43. Bxh2+ Ke4 44. Bh7+ Kf3 45. Bg1 1-0

[Event "Early-Titled-Tuesday-Blitz-June-18-2024"]
[Site "Chess.com"]
[Date "2024.06.18"]
[Round "9"]
[White "manitodeplomo"]
[Black "wonderfultime"]
[Result "0-1"]
[WhiteElo "2657"]
[BlackElo "3026"]
[TimeControl "180+1"]
[EndTime "9:45:22 PDT"]
[Termination "wonderfultime won by resignation"]

1. d4 d5 2. c4 c6 3. Nf3 Nf6 4.
Nc3 a6 5. Ne5 e6 6. Bg5 dxc4 7.
Nxc4 b5 8. Ne5 Bb7 9. e3 Nbd7 10. Be2 Nxe5 11. dxe5 Qxd1+ 12. Rxd1 Nd7 13. f4 c5 14. Kf2 Be7 15. Bxe7 Kxe7 16. Bf3 Bxf3 17. Kxf3 Rhd8 18.
Ne4 f6 19. exf6+ gxf6 20. g4 c4 21. g5 f5 22. Ng3 Nc5 23. h4 Nd3 24. Rb1 b4 25. e4 fxe4+ 26. Nxe4 Rd4 27. h5 Rf8 28. Nf6 Rxf4+ 29. Ke3 h6 30. Rbf1 hxg5 0-1

[Event "Early-Titled-Tuesday-Blitz-June-18-2024"]
[Site "Chess.com"]
[Date "2024.06.18"]
[Round "9"]
[White "KorolDimitriy75"]
[Black "micke12a"]
[Result "0-1"]
[WhiteElo "2500"]
[BlackElo "2387"]
[TimeControl "180+1"]
[EndTime "9:45:22 PDT"]
[Termination "micke12a won by checkmate"]

1. d4 Nf6 2. c4 g6 3. Nc3 d5 4.
cxd5 Nxd5 5. e4 Nxc3 6. bxc3 Bg7 7. Nf3 c5 8. Rb1 O-O 9. Be2 Nc6 10. d5 Bxc3+ 11.
Bd2 Bxd2+ 12. Qxd2 Na5 13. h4 Bg4 14. h5 Bxf3 15.
gxf3 e5 16. hxg6 fxg6 17. d6 b6 18. Qd5+ Kg7 19. Qxe5+ Qf6 20. Qh2 h5 21. Qg3 Nc6 22. Rxh5 Rh8 23. e5 Qe6 24. Rg5 Rh1+ 25. Bf1 Nd4 26.
f4 Qxa2 27. Rxg6+ Kh7 28. Qd3 Nf3+ 29. Kd1 Rxf1+ 30. Qxf1 Qd2# 0-1

[Event "Early-Titled-Tuesday-Blitz-June-18-2024"]
[Site "Chess.com"]
[Date "2024.06.18"]
[Round "9"]
[White "Zq1"]
[Black "GambitGiesbergen"]
[Result "1-0"]
[WhiteElo "2500"]
[BlackElo "2370"]
[TimeControl "180+1"]
[EndTime "9:45:22 PDT"]
[Termination "Zq1 won on time"]

1. d4 Nf6 2. c4 g6 3. Nc3 Bg7 4. e4 d6 5. Nf3 O-O 6. Be2 e5 7. O-O Nc6 8. d5 Ne7 9. Ne1 Nd7 10. Be3 f5 11. f3 f4 12. Bf2 g5 13. Nb5 b6 14. b4 a6 15. Nc3 Ng6 16. a4 a5 17. bxa5 Rxa5 18. Nd3 Ra8 19. Nb5 Rf7 20.
Be1 Nf6 21. a5 bxa5 22. Rxa5 Rxa5 23. Bxa5 g4 24. c5 Bf8 25. cxd6 Bxd6 26. Nxd6 Qxd6 27. Qc2 Nh4 28. Qc6 gxf3 29. Bxf3 Nxf3+ 30. gxf3 Rg7+ 31. Kf2 Kf8 32. Bb4 1-0

[Event "Early-Titled-Tuesday-Blitz-June-18-2024"]
[Site "Chess.com"]
[Date "2024.06.18"]
[Round "9"]
[White "mfschulz"]
[Black "jlmanzanares"]
[Result "0-1"]
[WhiteElo "2196"]
[BlackElo "2064"]
[TimeControl "180+1"]
[EndTime "9:45:22 PDT"]
[Termination "jlmanzanares won by checkmate"]

1. e4 c5 2. Nc3 d6 3. f4 Nc6 4.
Nf3 Bg4 5. Bc4 e6 6. O-O Nf6 7. d3 Nd4 8. Be3 Bxf3 9. gxf3 Be7 10. Kh1 a6 11. Rg1 b5 12. Bb3 Qc7 13. Bxd4 cxd4 14. Ne2 e5 15. Rxg7 Rf8 16. f5 a5 17. a4 b4 18. Qd2 Nd7 19. Rxh7 Nc5 20. Bd5 O-O-O 21.
c3 dxc3 22. bxc3 Rh8 23. Rxh8 Rxh8 24. cxb4 axb4 25. Qxb4 Nxd3 26. Qb5 Qc2 27. Qb7+ Kd8 28. Qb8+ Kd7 29. Qxh8 Qxe2 30. Qh5 Nf2+ 31. Kg2 Nxe4+ 32. Kh3 Nf2+ 33. Kg3 Nd3 34. Qxf7 Qf2+ 35. Kg4 Qg2+ 36. Kh5 Qg5# 0-1

[Event "Early-Titled-Tuesday-Blitz-June-18-2024"]
[Site "Chess.com"]
[Date "2024.06.18"]
[Round "9"]
[White "Kotofeyca"]
[Black "FredddieCroderg"]
[Result "0-1"]
[WhiteElo "2476"]
[BlackElo "2341"]
[TimeControl "180+1"]
[EndTime "9:45:23 PDT"]
[Termination "FredddieCroderg won on time"]

1. d4 d5 2. c4 e6 3. Nc3 Nf6 4. cxd5 exd5 5. Bg5 Be7 6. Qc2 O-O 7. e3 Re8 8. Bd3 h6 9. Bh4 c5 10. dxc5 Nc6 11.
Nge2 d4 12. exd4 Nxd4 13. Qd1 Bxc5 14. O-O Bg4 15. Re1 Nf5 16. Bxf6 Qxf6 17. Ne4 Qb6 18.
Nxc5 Qxc5 19. Rc1 Qb6 20. Qc2 Nh4 21. Ng3 Rxe1+ 22. Rxe1 Rc8 23. Qb3 Qa5 24. Rf1 Be6 25. Qxb7 Qxa2 26. Qe4 Ng6 27. Nf5 Qxb2 0-1

[Event "Early-Titled-Tuesday-Blitz-June-18-2024"]
[Site "Chess.com"]
[Date "2024.06.18"]
[Round "9"]
[White "WindWhistler11"]
[Black "carloseduar100"]
[Result "1-0"]
[WhiteElo "2531"]
[BlackElo "2257"]
[TimeControl "180+1"]
[EndTime "9:45:27 PDT"]
[Termination "WindWhistler11 won by resignation"]

1. Nf3 Nf6 2. g3 g6 3. Bg2 Bg7 4. c4 O-O 5. O-O d6 6. b3 Nbd7 7. Bb2 c6 8. Nc3 Re8 9. e3 e5 10. d3 Qe7 11. Nd2 a6 12. a4 h5 13. h4 Nf8 14. Ba3 Be6 15. Nde4 Rad8 16. c5 d5 17. Nd6 e4 18. d4 Bg4 19. Qd2 Qe6 20. Nxe8 Rxe8 21. Ne2 N6h7 22. Nf4 Qd7 23. f3 exf3 24.
Bxf3 g5 25. Nxh5 Bxf3 26. Nxg7 g4 27. Nxe8 Qxe8 28. Rxf3 gxf3 29. Qf2 Qe4 30. Rf1 f6 31. Qxf3 Qd3 32. h5 Qxb3 33. Bc1 Qxa4 34. Qg4+ Kf7 35. h6 Ng5 36. Qxg5 1-0

[Event "Early-Titled-Tuesday-Blitz-June-18-2024"]
[Site "Chess.com"]
[Date "2024.06.18"]
[Round "9"]
[White "milovichalex"]
[Black "KarlEmilElmer"]
[Result "1-0"]
[WhiteElo "2383"]
[BlackElo "2171"]
[TimeControl "180+1"]
[EndTime "9:45:28 PDT"]
[Termination "milovichalex won on time"]

1. e4 c5 2. Nf3 d6 3. d4 cxd4 4. Nxd4 Nf6 5. Nc3 g6 6. Bg5 Bg7 7. f3 O-O 8. Qd2 Nc6 9. Nxc6 bxc6 10. Bh6 Bxh6 11. Qxh6 Qb6 12. O-O-O Rb8 13. b3 Qa5 14. Kb2 Be6 15. h4 Qh5 16. Qe3 Qe5 17. h5 Nxh5 18. g3 Qxg3 19. Bc4 Bxc4 20. Rxh5 Kh8 21. Rg1 Qxg1 22. Qxg1 gxh5 23. Qd4+ f6 24. Qxc4 Rb6 25. Qe6 Rb7 26. Ne2 Kg7 27. Nf4 Rf7 28. Nxh5+ Kg6 29. Qg4+ Kh6 30. Ng3 e6 31. Qxe6 Kg7 32. Qxd6 Rbd7 33.
Qxc6 Rc7 34. Qe6 Kf8 35. Nf5 h5 36. Qd6+ Ke8 37. Qh2 Rh7 38. Qh4 1-0

[Event "Early-Titled-Tuesday-Blitz-June-18-2024"]
[Site "Chess.com"]
[Date "2024.06.18"]
[Round "9"]
[White "blitzking1729"]
[Black "Erdnya15"]
[Result "1-0"]
[WhiteElo "2832"]
[BlackElo "2540"]
[TimeControl "180+1"]
[EndTime "9:45:29 PDT"]
[Termination "blitzking1729 won by checkmate"]

1. e4 c5 2. Nf3 d6 3. Bb5+ Nd7 4. a4 a6 5. Bc4 Ngf6 6. Nc3 e6 7. O-O Ke7 8. d4 cxd4 9. Qxd4 Ke8 10. Rd1 Qc7 11.
Ba2 Be7 12. h3 b6 13. Qd3 Bb7 14. Bf4 Ne5 15. Qe2 h6 16. Nd4 Nfd7 17. Bh2 Nc5 18. Rd2 Rc8 19. Rad1 g5 20. Ndb5 axb5 21. Nxb5 Qb8 22.
Nxd6+ Bxd6 23. Rxd6 f6 24. b4 Nxe4 25. Rxe6+ Kf8 26.
Bxe5 fxe5 27. Qf3+ Nf6 28. Qxf6+ Kg8 29. Re8+ Kh7 30.
Rd7# 1-0

[Event "Early-Titled-Tuesday-Blitz-June-18-2024"]
[Site "Chess.com"]
[Date "2024.06.18"]
[Round "9"]
[White "twofoxniel"]
[Black "Fh2411"]
[Result "0-1"]
[WhiteElo "2673"]
[BlackElo "2566"]
[TimeControl "180+1"]
[EndTime "9:45:31 PDT"]
[Termination "Fh2411 won by resignation"]

1. e4 c6 2. d4 d5 3. Nd2 dxe4 4. Nxe4 Nf6 5. Nxf6+ exf6 6. c3 Qe7+ 7. Be3 g6 8.
Be2 Bg7 9. Qd2 Be6 10. Nf3 O-O 11. O-O Re8 12. Rfe1 Nd7 13. h3 Nb6 14. b3 Qd7 15. c4 Rad8 16. Rad1 h5 17. a4 Nc8 18. Bh6 Nd6 19. Bxg7 Kxg7 20. Qf4 Bf5 21. Bf1 Bc2 22.
Rd2 Rxe1 23. Nxe1 Bxb3 24. d5 c5 25. a5 Re8 26. Nd3 b6 27. Nc1 Re4 28. Qf3 Bxc4 29. axb6 axb6 30. Bxc4 Rxc4 31. Ne2 b5 32. Nf4 Qf5 33.
g3 b4 34. Ra2 Qb1+ 0-1

[Event "Early-Titled-Tuesday-Blitz-June-18-2024"]
[Site "Chess.com"]
[Date "2024.06.18"]
[Round "9"]
[White "Mikasinski"]
[Black "jaskol95"]
[Result "0-1"]
[WhiteElo "2704"]
[BlackElo "2626"]
[TimeControl "180+1"]
[EndTime "9:45:32 PDT"]
[Termination "jaskol95 won by resignation"]

1. e4 d5 2. exd5 Nf6 3. d4 Bg4 4. f3 Bf5 5. c4 e6 6. g4 Nxg4 7.
fxg4 Qh4+ 8. Kd2 Be4 9. Nf3 Qf2+ 10. Qe2 Qxf3 11. Qxf3 Bxf3 12. Rg1 exd5 13. Nc3 Bb4 14. a3 Bd6 15. Bd3 Bxh2 16. Re1+ Kd8 17. cxd5 Bf4+ 18. Kc2 Bxc1 19. Raxc1 Bxg4 20. Re3 h5 21.
Ne4 Re8 22. Rce1 Bf5 23. Kc3 Bxe4 24. Bxe4 Nd7 25. Bf5 Rxe3+ 26. Rxe3 Nf6 27. Kc4 g6 28. Bh3 Ng4 29. Re2 Kd7 30. b4 Re8 31. Re5 f5 32. Rxe8 Kxe8 33. b5 b6 34. a4 Ne3+ 35. Kb3 Nxd5 36.
Bf1 Ne3 37. Be2 h4 38. Kc3 g5 39. Kd3 Nd5 40. Bf3 Nf4+ 41. Kc4 g4 42. Bc6+ Ke7 43. d5 Kd6 0-1

[Event "Early-Titled-Tuesday-Blitz-June-18-2024"]
[Site "Chess.com"]
[Date "2024.06.18"]
[Round "9"]
[White "dennisodessa"]
[Black "GoltsevDmitry2000"]
[Result "0-1"]
[WhiteElo "2602"]
[BlackElo "2715"]
[TimeControl "180+1"]
[EndTime "9:45:34 PDT"]
[Termination "GoltsevDmitry2000 won by checkmate"]

1. d4 e6 2. c4 d5 3. Nc3 Nf6 4.
cxd5 exd5 5. Bg5 c6 6. e3 h6 7. Bh4 Bd6 8. Bd3 O-O 9. Nge2 Na6 10. f3 Re8 11. Bf2 Be6 12. O-O Qd7 13. a3 Bf5 14. Bxa6 bxa6 15. Na4 Qc7 16. Ng3 Bg6 17. Rc1 h5 18. Re1 h4 19. Nf1 h3 20. g3 Bh5 21.
g4 Bg6 22. Ng3 a5 23. Qd2 Rab8 24. Rc3 Qc8 25. Rec1 Qd7 26. Rxc6 Rb3 27. Nc5 Bxc5 28. R6xc5 Qb7 29. Rc7 Qb8 30. Qxa5 Rxb2 31. Qxa7 Qb3 32.
g5 Rxf2 33. Kxf2 Qxe3+ 34. Kf1 Qxf3+ 35. Kg1 Qg2# 0-1

[Event "Early-Titled-Tuesday-Blitz-June-18-2024"]
[Site "Chess.com"]
[Date "2024.06.18"]
[Round "9"]
[White "Sofia_Blokhin"]
[Black "Dewarfd"]
[Result "1-0"]
[WhiteElo "2304"]
[BlackElo "2138"]
[TimeControl "180+1"]
[EndTime "9:45:37 PDT"]
[Termination "Sofia_Blokhin won on time"]

1. d4 d5 2. c4 c6 3. Nc3 g6 4. Nf3 Bg7 5. e3 Nf6 6. Bd3 O-O 7. cxd5 cxd5 8. O-O Nc6 9. Ne5 Nxe5 10. dxe5 Ne4 11. f4 Nxc3 12. bxc3 Qa5 13. Bd2 Qc7 14. Rc1 a6 15. c4 dxc4 16. Bxc4 Qb6 17. Qf3 h5 18.
Rb1 Qc7 19. Rfc1 Qd7 20. Bb4 Re8 21. Rd1 Qa4 22. e6 Bxe6 23. Bxe6 fxe6 24. Qe4 Kh7 25. Qxe6 Rad8 26. Rf1 Qd7 27. Qe4 Qd3 28. Qf3 b6 29. g4 a5 30. Bxe7 Rxe7 31. Rbd1 1-0

[Event "Early-Titled-Tuesday-Blitz-June-18-2024"]
[Site "Chess.com"]
[Date "2024.06.18"]
[Round "9"]
[White "KNVB"]
[Black "Javokhir_Sindarov05"]
[Result "0-1"]
[WhiteElo "2828"]
[BlackElo "3053"]
[TimeControl "180+1"]
[EndTime "9:45:40 PDT"]
[Termination "Javokhir_Sindarov05 won by resignation"]

1. d4 Nf6 2. Bf4 c5 3. e3 g6 4.
c3 Bg7 5. h3 O-O 6. Nf3 b6 7.
Nbd2 Bb7 8. Bd3 d5 9. O-O Nc6 10.
Re1 Nd7 11. e4 dxe4 12. Bxe4 cxd4 13. Nxd4 Bxd4 14. cxd4 Nf6 15. Bh6 Re8 16. Bxc6 Bxc6 17. Nc4 Rc8 18. Rc1 Bb7 19. b3 Qd7 20. Ne3 Rxc1 21.
Qxc1 Qxd4 22. Qc7 Qd7 23. Qe5 Qc6 24. Rd1 Qe4 25. Qxe4 Bxe4 26. Nc4 Ba8 27. Bg5 Nd5 28. Bd2 f6 29. Ne3 Nf4 30. f3 Kf7 31. Bc1 Rc8 32. Kf2 Rxc1 33. Rxc1 Nd3+ 34. Ke2 Nxc1+ 35. Kd2 Nxa2 36.
Nc2 Bd5 0-1

[Event "Early-Titled-Tuesday-Blitz-June-18-2024"]
[Site "Chess.com"]
[Date "2024.06.18"]
[Round "9"]
[White "Vesper2018"]
[Black "Chernov_Alexander_A"]
[Result "1-0"]
[WhiteElo "2588"]
[BlackElo "2302"]
[TimeControl "180+1"]
[EndTime "9:45:46 PDT"]
[Termination "Vesper2018 won on time"]

1. e4 e5 2. Nf3 Nc6 3. Bb5 Bc5 4. d3 Nd4 5. Nxd4 Bxd4 6. c3 Bb6 7.
d4 c6 8. Ba4 d6 9. O-O Nf6 10. Re1 h6 11. Na3 Qe7 12. Nc4 Bc7 13. Bc2 O-O 14. b3 b5 15. Ne3 Rd8 16. Nf5 Bxf5 17.
exf5 e4 18. f3 d5 19. fxe4 Nxe4 20. Bxe4 dxe4 21. Qe2 Re8 22. Be3 Qh4 23. g3 Qh3 24. Rf1 f6 25. Rac1 Rad8 26. c4 bxc4 27. Rxc4 Bb6 28.
Rxc6 Kh7 29. Rc4 Rd5 30. Qf2 h5 31. Qf4 Qg4 32. Qxg4 hxg4 33. Rf4 g6 34. fxg6+ Kxg6 35. Rxg4+ Kf7 36. Rf4 Kg6 37. g4 1-0

[Event "Early-Titled-Tuesday-Blitz-June-18-2024"]
[Site "Chess.com"]
[Date "2024.06.18"]
[Round "9"]
[White "Likvidator228"]
[Black "tetrix83"]
[Result "0-1"]
[WhiteElo "2545"]
[BlackElo "2678"]
[TimeControl "180+1"]
[EndTime "9:45:47 PDT"]
[Termination "tetrix83 won by resignation"]

1. d4 Nf6 2. Bf4 c5 3. e3 g6 4. Nf3 Bg7 5. c3 Qb6 6. Qb3 O-O 7. Nbd2 d6 8. Nc4 Qc7 9. Ncd2 cxd4 10. cxd4 Nc6 11.
Be2 Be6 12. Qa4 Qa5 13. Qxa5 Nxa5 14. O-O Rfc8 15. Rfc1 Nd5 16. Bg5 Nb4 17. Rxc8+ Rxc8 18. a3 Nc2 19. Rc1 f6 20. Bf4 Rc6 21. b4 Nxd4 22. Rxc6 Nxe2+ 23. Kf1 Nxc6 24. Kxe2 Bf7 25. e4 f5 26. Be3 fxe4 27. Nxe4 Bc4+ 28. Kd2 a6 29. Kc2 Bd5 30. Nfd2 Ne5 31. f3 Nc4 32. Nxc4 Bxc4 33. Nd2 Bd5 34. Kd3 Kf7 35. Bd4 e5 36. Bb6 Ke6 37. a4 Bc6 38. a5 Bb5+ 39. Ke3 Bh6+ 0-1

[Event "Early-Titled-Tuesday-Blitz-June-18-2024"]
[Site "Chess.com"]
[Date "2024.06.18"]
[Round "9"]
[White "xasid81"]
[Black "Rosh1610"]
[Result "1-0"]
[WhiteElo "2618"]
[BlackElo "2479"]
[TimeControl "180+1"]
[EndTime "9:45:47 PDT"]
[Termination "xasid81 won by resignation"]

1. c4 e5 2. Nc3 Bb4 3. Nf3 Bxc3 4. dxc3 d6 5. g3 Nc6 6. c5 dxc5 7. Qxd8+ Kxd8 8. Be3 c4 9. Bg2 Nge7 10. a4 Ke8 11. a5 f6 12. a6 b5 13. Bc5 Bd7 14. Nd2 Nc8 15. Ne4 h6 16. Ba3 Nb6 17. Nc5 Nc8 18.
Nb7 Rb8 19. O-O Nd8 20. Rfd1 Nf7 21. Bd5 Nfd6 22. Bc5 Ke7 23. Bg2 Be6 24. Rd2 Rd8 25. Rad1 Ke8 26. Na5 Ne7 27. Bxa7 Ra8 28. Bxa8 Rxa8 29.
Bc5 Rxa6 30. Bxd6 cxd6 31. Rxd6 Rxa5 32. Rxe6 Kf7 33. Rb6 Nf5 34. Rd7+ Kg6 35. Rbb7 Kg5 36. Kg2 h5 37. e4 Kg6 38. exf5+ 1-0

[Event "Early-Titled-Tuesday-Blitz-June-18-2024"]
[Site "Chess.com"]
[Date "2024.06.18"]
[Round "9"]
[White "SocoLoco"]
[Black "ab-lsv"]
[Result "0-1"]
[WhiteElo "2173"]
[BlackElo "2345"]
[TimeControl "180+1"]
[EndTime "9:45:48 PDT"]
[Termination "ab-lsv won on time"]

1. e4 c6 2. d4 d5 3. exd5 cxd5 4. c4 Nf6 5. Nc3 Nc6 6. Bg5 dxc4 7. Bxc4 e6 8. d5 exd5 9. Nxd5 Be7 10. Nxf6+ Bxf6 11. Qxd8+ Bxd8 12. Bxd8 Nxd8 13. Nf3 O-O 14. O-O Be6 15.
Rac1 Rc8 16. Ne5 f6 17. Bxe6+ Nxe6 18. Nf3 Kf7 19. Rfd1 Rxc1 20. Rxc1 Rd8 21. Kf1 g5 22. h3 h5 23. Ke1 Rd7 24. Rd1 Re7 25. Kd2 g4 26.
hxg4 hxg4 27. Ne1 Nf4 28. g3 Ng6 29. Nd3 Rd7 30. Kc2 f5 0-1

[Event "Early-Titled-Tuesday-Blitz-June-18-2024"]
[Site "Chess.com"]
[Date "2024.06.18"]
[Round "9"]
[White "Stanbad1"]
[Black "Silent-Killer100"]
[Result "1-0"]
[WhiteElo "2719"]
[BlackElo "2583"]
[TimeControl "180+1"]
[EndTime "9:45:49 PDT"]
[Termination "Stanbad1 won on time"]

1. d4 Nf6 2. Nc3 g6 3. e4 d6 4.
Be3 Bg7 5. f3 c6 6. Qd2 Qa5 7.
O-O-O Nbd7 8. Nh3 Nb6 9. Nf2 Be6 10. Kb1 Nc4 11. Bxc4 Bxc4 12. b3 Be6 13. Nd3 Nd7 14. Nf4 Nb6 15. Nxe6 fxe6 16. h4 O-O-O 17. h5 gxh5 18.
Ne2 Qb5 19. Qd3 Qxd3 20. Rxd3 e5 21. Rxh5 d5 22. dxe5 dxe4 23. fxe4 Nd7 24. Bd4 c5 25. Bc3 b6 26. Nf4 c4 27. Rg3 Nc5 28. Rxg7 Nxe4 29. Kb2 Rd1 30. bxc4 Rf8 31. g3 Kb8 32. e6 Rc8 33.
Be5+ Ka8 34. Rhxh7 Rxc4 35. Rxe7 Nd6 36. Rh8+ Nc8 37.
Rd7 Re1 38. Nd3 Re2 39. Bc3 1-0

[Event "Early-Titled-Tuesday-Blitz-June-18-2024"]
[Site "Chess.com"]
[Date "2024.06.18"]
[Round "9"]
[White "LLariMarc"]
[Black "Timurist"]
[Result "1-0"]
[WhiteElo "2485"]
[BlackElo "2369"]
[TimeControl "180+1"]
[EndTime "9:45:49 PDT"]
[Termination "LLariMarc won on time"]

1. c3 c5 2. d4 cxd4 3. cxd4 d5 4.
Nc3 Nc6 5. Bf4 Nf6 6. e3 a6 7. Bd3 g6 8. h3 Bg7 9. Nf3 O-O 10. O-O b5 11. Rc1 Bb7 12. Ne5 Rc8 13. Nb1 Nd7 14. Nxc6 Rxc6 15. Rxc6 Bxc6 16. Nd2 e5 17. dxe5 Nxe5 18.
Bxe5 Bxe5 19. Qc2 Qf6 20. b4 d4 21. e4 Rc8 22. Nb3 Qf4 23. g3 Qf3 24. Nc5 Bd7 25.
Kh2 Qh5 26. h4 Qxh4+ 27. Kg1 Qg5 28. Kg2 Be6 29. Nxe6 fxe6 30. Qxc8+ Kg7 31. f4 1-0

[Event "Early-Titled-Tuesday-Blitz-June-18-2024"]
[Site "Chess.com"]
[Date "2024.06.18"]
[Round "9"]
[White "masterofpuppets2"]
[Black "dosto07"]
[Result "0-1"]
[WhiteElo "2480"]
[BlackElo "2619"]
[TimeControl "180+1"]
[EndTime "9:45:50 PDT"]
[Termination "dosto07 won by resignation"]

1. d4 d5 2. c4 dxc4 3. Nf3 Nf6 4. e3 e6 5. Bxc4 a6 6. O-O c5 7. Qe2 Nc6 8. Rd1 Qc7 9. Nc3 Be7 10. d5 exd5 11. Nxd5 Nxd5 12. Bxd5 O-O 13. h3 Nb4 14. Bb3 b5 15. Bd2 c4 16. Bxb4 Bxb4 17. Bc2 Qe7 18. Nd4 Bb7 19. Qg4 g6 20. a4 Qe5 21. axb5 axb5 22.
Qd7 Rxa1 23. Rxa1 Bd6 24. Ra7 Qh2+ 25. Kf1 Bxg2+ 26. Ke2 Bxh3 27. Qxb5 Bg3 28. Kd2 Qxf2+ 29. Kc3 Qxe3+ 30. Kxc4 Bf1+ 0-1

[Event "Early-Titled-Tuesday-Blitz-June-18-2024"]
[Site "Chess.com"]
[Date "2024.06.18"]
[Round "9"]
[White "Dolphin_2010"]
[Black "Vaathi_Coming"]
[Result "0-1"]
[WhiteElo "2757"]
[BlackElo "2909"]
[TimeControl "180+1"]
[EndTime "9:45:51 PDT"]
[Termination "Vaathi_Coming won by resignation"]

1. d4 g6 2. e4 Bg7 3. Nc3 d6 4. f4 Nf6 5. Nf3 O-O 6. e5 dxe5 7. fxe5 Nd5 8. Bc4 Nxc3 9. bxc3 c5 10. O-O Qc7 11. Be2 b6 12. Be3 Bb7 13. Qd2 Nc6 14. Bh6 Rad8 15. Bxg7 Kxg7 16. Qe3 cxd4 17. cxd4 Nb4 18.
Rac1 Nd5 19. Qd2 Qc3 20. Qg5 f6 21. Qg3 Qe3+ 22. Qf2 fxe5 23. dxe5 Qxf2+ 24. Kxf2 Nc3 25. Bd3 Nxa2 26. Ra1 Bd5 27. Ke3 a5 28. Nd4 Nb4 29. Be4 Rxf1 30. Rxf1 Bc4 31. Rb1 b5 32. c3 Nd5+ 33.
Bxd5 Rxd5 34. Ke4 a4 35. Rb2 a3 0-1

[Event "Early-Titled-Tuesday-Blitz-June-18-2024"]
[Site "Chess.com"]
[Date "2024.06.18"]
[Round "9"]
[White "annasargsyan_m"]
[Black "suyu28"]
[Result "1-0"]
[WhiteElo "2629"]
[BlackElo "2756"]
[TimeControl "180+1"]
[EndTime "9:45:52 PDT"]
[Termination "annasargsyan_m won on time"]

1. d4 Nf6 2. Nf3 b6 3. e3 e6 4.
Bd3 c5 5. O-O Ba6 6. c4 cxd4 7. exd4 Be7 8. Nc3 O-O 9. d5 Bb4 10. Bg5 h6 11. Bxf6 Qxf6 12. Ne4 Qf4 13. a3 Be7 14. g3 Qg4 15. Kg2 Qh5 16. h3 f5 17. Nc3 Bf6 18. Re1 Bb7 19. Be2 Qf7 20.
Nb5 Qe7 21. Nfd4 Na6 22. Bf3 Nc5 23. Nxf5 Qd8 24. Nfd6 Ba6 25. Rb1 Bxb5 26. Nxb5 e5 27. b4 Nb7 28. d6 Rb8 29. Bxb7 e4 30. Bxe4 Kh8 31. Bc2 a6 32. Qd3 Kg8 33. Nc7 1-0

[Event "Early-Titled-Tuesday-Blitz-June-18-2024"]
[Site "Chess.com"]
[Date "2024.06.18"]
[Round "9"]
[White "HansOnTwitch"]
[Black "Boundless_Strike"]
[Result "1-0"]
[WhiteElo "3131"]
[BlackElo "2665"]
[TimeControl "180+1"]
[EndTime "9:45:53 PDT"]
[Termination "HansOnTwitch won on time"]

1. e4 d6 2. d4 Nf6 3. Nc3 c6 4. f4 Qa5 5. Bd2 e5 6. Nf3 exd4 7. Nxd4 Qb6 8. Nb3 a5 9. Bd3 Bg4 10. Qc1 a4 11. Be3 Qc7 12. Nd2 Bc8 13. h3 Be7 14. O-O O-O 15. Nf3 Nbd7 16. Qe1 Re8 17. Qg3 Nh5 18. Qh2 a3 19. g4 axb2 20. Rab1 Qa5 21.
gxh5 Qxc3 22. Bd4 Qa5 23. Bxb2 Qxh5 24. Qg3 Bf6 25. e5 dxe5 26. fxe5 Nxe5 27. Nxe5 Bxe5 28. Rbe1 Ra5 29. Bc4 Be6 30. Bxe5 Rxe5 31. Rxe5 1-0

[Event "Early-Titled-Tuesday-Blitz-June-18-2024"]
[Site "Chess.com"]
[Date "2024.06.18"]
[Round "9"]
[White "amylazy"]
[Black "Moon_stone123"]
[Result "0-1"]
[WhiteElo "2467"]
[BlackElo "2609"]
[TimeControl "180+1"]
[EndTime "9:45:54 PDT"]
[Termination "Moon_stone123 won by checkmate"]

1. d4 d5 2. c4 e6 3. Nf3 Nd7 4. cxd5 exd5 5. Nc3 Ngf6 6. g3 c6 7. Bg2 Bd6 8. O-O O-O 9. a4 Re8 10. a5 a6 11. Qb3 Bc7 12. Bd2 h6 13. Qa4 Ne4 14. Be3 Ndf6 15. Rfd1 Nxc3 16. bxc3 Ne4 17. Rdc1 Nd6 18. Ne5 f6 19. Nd3 Nc4 20. Bf4 Rxe2 21. Re1 Rxe1+ 22. Rxe1 Bxa5 23. Nc5 Bxc3 24. Rc1 Bxd4 25.
Rxc4 dxc4 26. Qxc4+ Kh8 27. Ne4 Bf5 28. Nd6 Bxf2+ 29. Kxf2 Qb6+ 30. Be3 Qb2+ 31. Kg1 Qb1+ 32. Kf2 Bd3 33. Qc3 Qd1 34. Bf3 Qf1# 0-1

[Event "Early-Titled-Tuesday-Blitz-June-18-2024"]
[Site "Chess.com"]
[Date "2024.06.18"]
[Round "9"]
[White "Caroexpert"]
[Black "ploxoi"]
[Result "0-1"]
[WhiteElo "2617"]
[BlackElo "2500"]
[TimeControl "180+1"]
[EndTime "9:45:56 PDT"]
[Termination "ploxoi won by checkmate"]

1. d4 d5 2. c4 e6 3. Nf3 c6 4. e3 Nf6 5. Nc3 Nbd7 6. Be2 Be7 7. O-O O-O 8. b3 b6 9. Bb2 Bb7 10. Bd3 h6 11. a4 Bb4 12. Na2 Bd6 13. a5 dxc4 14.
bxc4 c5 15. Nc3 cxd4 16. exd4 Rc8 17. Nb5 Bb8 18. a6 Bc6 19. Rc1 Re8 20. Re1 Bf4 21. Rc2 Bb8 22. Ba3 e5 23. d5 Bxb5 24. cxb5 e4 25.
Nd4 exd3 26. Rxc8 Qxc8 27. Nc6 Nxd5 28. h3 Ne5 29. Nxb8 Qxb8 30. Qb3 Nf3+ 31. gxf3 Rxe1+ 32.
Kg2 Nf4+ 33. Kg3 Rg1+ 34. Kh2 Ne2+ 35. f4 Qxf4# 0-1

[Event "Early-Titled-Tuesday-Blitz-June-18-2024"]
[Site "Chess.com"]
[Date "2024.06.18"]
[Round "9"]
[White "Chessmatenokk17"]
[Black "evgchess5"]
[Result "0-1"]
[WhiteElo "2796"]
[BlackElo "2933"]
[TimeControl "180+1"]
[EndTime "9:45:58 PDT"]
[Termination "evgchess5 won by checkmate"]

1. e4 c5 2. Nf3 e6 3. c3 d5 4.
e5 Nc6 5. d4 Bd7 6. Na3 f6 7.
exf6 Nxf6 8. Nc2 Bd6 9. Bd3 O-O 10. O-O Qc7 11. Bg5 e5 12. dxe5 Nxe5 13. Nxe5 Bxe5 14. h3 Bc6 15. Ne3 Bf4 16. Bxf4 Qxf4 17. Ng4 Nd7 18. Qc2 h5 19. Ne3 Ne5 20. Bf5 d4 21. cxd4 cxd4 22. Be6+ Kh8 23. Nd5 Qh6 24. Nc7 Rad8 25. f4 Rxf4 26.
Qe2 Rxf1+ 27. Rxf1 Qe3+ 28. Qxe3 dxe3 29. Bb3 Rd2 30.
Re1 Rxg2+ 31. Kf1 Rf2+ 32. Kg1 Nf3+ 33. Kh1 Rh2# 0-1

[Event "Early-Titled-Tuesday-Blitz-June-18-2024"]
[Site "Chess.com"]
[Date "2024.06.18"]
[Round "9"]
[White "InitiatingASC"]
[Black "talaicito"]
[Result "0-1"]
[WhiteElo "2415"]
[BlackElo "2282"]
[TimeControl "180+1"]
[EndTime "9:45:59 PDT"]
[Termination "talaicito won by resignation"]

1. d4 e6 2. c4 f5 3. g3 Nf6 4. Bg2 Be7 5. Nh3 O-O 6. Nf4 d6 7. h4 e5 8. Nd5 c6 9. Nxe7+ Qxe7 10. Bg5 Na6 11. h5 h6 12. Bc1 f4 13. gxf4 exf4 14.
Bxf4 Ne4 15. e3 Rxf4 16. exf4 Nc3+ 17. Kd2 Nxd1 18. Rxd1 Qf6 19. Nc3 Qxf4+ 20. Kc2 Qxf2+ 21. Rd2 Bf5+ 22. Kc1 Qg1+ 23. Nd1 Nb4 24. Re2 Nd3+ 25. Kd2 Nf4 26. Ne3 Nxe2 27. Rxg1 Nxg1 28. Nxf5 Rf8 29. Ne7+ Kf7 30. Ng6 Re8 31. Bf1 Nf3+ 32. Kc3 Re3+ 33.
Bd3 Ne1 34. Kd2 Rxd3+ 35. Kxe1 Rxd4 36. b3 Rg4 37. Kf2 Rxg6 38. hxg6+ Kxg6 39. b4 Kf5 40. a4 d5 0-1